 Dungeon Sprint DCSS version 0.26-a0-1026-g544776af23 (webtiles) character file.

Game seed: 4274236910136545857

3096 sahdkjhfkaj the Arsonist (level 9, -13/62 HPs)
             Began as a Purple Draconian Fire Elementalist on Dec 9, 2020.
             Was an Elder of Makhleb.
             Shot with a bolt by a yaktaur captain (29 damage)
             ... in the Dungeon (Sprint V: "Ziggurat Sprint").
             The game lasted 00:02:39 (444 turns).

sahdkjhfkaj the Arsonist (DrFE)                      Turns: 444, Time: 00:02:39

Health: -13/62     AC:  7    Str: 10    XL:     9   Next: 59%
Magic:  4/24       EV: 12    Int: 30    God:    Makhleb [****..]
Gold:   0          SH:  0    Dex: 13    Spells: 17/30 levels left

rFire    . . .     SeeInvis .   a - +7 Screaming Sword {vorpal, sonic wave}
rCold    . . .     Faith    .   (no shield)
rNeg     . . .     Spirit   .   (armour unavailable)
rPois    .         Reflect  .   (helmet restricted)
rElec    .         Harm     .   (no cloak)
rCorr    .         Rampage  .   (no gloves)
Will     +....     NoTele   +   (no boots)
Stlth    ++........             D - amulet of magic regeneration
HPRegen  0.20/turn              T - +6 ring of intelligence
MPRegen  0.44/turn              t - +6 ring of intelligence

@: no status effects
A: breathe power, unfitting armour, cold-blooded, AC +7
a: Breathe Dispelling Energy, Minor Destruction, Lesser Servant of Makhleb,
Major Destruction, Renounce Religion


You were in the Dungeon.
You worshipped Makhleb.
Makhleb was greatly pleased with you.
You visited 1 branch

Inventory:

Hand Weapons
 a - the +7 Screaming Sword (weapon) {vorpal, sonic wave}
   (You found it in the Dungeon)

   It inflicts extra damage upon your enemies.
Jewellery
 r - an uncursed ring of flight
 s - a +6 ring of dexterity
 t - a +6 ring of intelligence (right hand)
 u - a +6 ring of dexterity
 v - a +6 ring of strength
 w - a +6 ring of strength
 D - an amulet of magic regeneration (around neck)
 T - a +6 ring of intelligence (left hand)
Wands
 x - a wand of disintegration (7)
 y - a wand of iceblast (7) {@v4}
 z - a wand of acid (7) {@v2}
Scrolls
 l - 4 scrolls of amnesia
 m - 7 scrolls of fog
 n - a scroll of holy word
 o - 5 scrolls of identify {@r1}
 p - 5 scrolls of remove curse {@r2}
 q - 2 scrolls of fear
 C - a scroll of brand weapon
Potions
 b - 10 potions of curing {@q1}
 c - 9 potions of heal wounds {@q2}
 d - 5 potions of haste {@q3}
 e - 6 potions of magic
 f - 3 potions of berserk rage
 h - a potion of invisibility
 i - 3 potions of resistance {@q6}
 j - a potion of degeneration {unknown}
 k - 5 potions of might {@q4}
 B - 2 potions of brilliance
Miscellaneous
 A - a lightning rod (4/4)


   Skills:
 - Level 1.7 Dodging
 - Level 1.7 Stealth
 - Level 11.0 Spellcasting
 - Level 13.7 Conjurations
 + Level 3.1 Transmutations
 - Level 13.7 Fire Magic


You had 17 spell levels left.
You knew the following spells:

 Your Spells              Type           Power        Failure   Level
a - Foxfire               Conj/Fire      ####         0%          1
e - Fireball              Conj/Fire      #######...   1%          5
D - Dragon Form           Tmut           #####.....   100%        7

Your spell library contained the following spells:

 Spells                   Type           Power        Failure   Level
 Conjure Flame            Conj/Fire      #######.     1%          3
 Inner Flame              Hex/Fire       ######..     1%          3
 Sticky Flame             Conj/Fire      #######.     1%          4
 Passwall                 Tmut/Erth      ####....     2%          2
 Statue Form              Tmut/Erth      ####.....    95%         6


Dungeon Overview and Level Annotations

Branches:
Dungeon (1/1)

Altars:
Ashenzari
Cheibriados
Dithmenos
Elyvilon
Fedhas
Gozag
Hepliaklqana
Kikubaaqudgha
Makhleb
Nemelex Xobeh
Okawaru
Qazlal
Ru
Sif Muna
Trog
Uskayaw
Vehumet
Wu Jian
Xom
Yredelemnul
Zin
The Shining One
Beogh
Jiyva
Lugonu


Innate Abilities, Weirdness & Mutations

You can breathe bolts of dispelling energy.
Your rich purple scales are hard. (AC +7)
You cannot fit into any form of body armour.
You are cold-blooded and may be slowed by cold attacks.


Message History

The vile air hits you.
* * * LOW HITPOINT WARNING * * *
Unknown command.
Welcome to arena 7.
You enter the transporter and appear at another place.
A centaur warrior, 3 yaktaurs, a yaktaur captain and a cyclops come into view.
The yaktaur shouts! x3
The emperor scorpion closely misses you.
You riposte.
The cyclops shouts!
The yaktaur captain shouts!
You hit the emperor scorpion but do no damage.
The emperor scorpion is lightly wounded.
The emperor scorpion barely misses you.
The emperor scorpion claws you but does no damage.
The yaktaur picks up the +8 quarterstaff of the Thirsty Seers {spect, Str+5}.
The yaktaur wields the +8 quarterstaff of the Thirsty Seers {spect, Str+5}.
The yaktaur draws out its weapon's spirit!
The yaktaur captain wields a +0 arbalest.
The yaktaur captain shoots a bolt.
The bolt hits you!!
You die...

▓..cC[..▓
▓..ccc..▓
▓.......▓
▓.....(.▓
▓.......▓
.......
▓.▓..s▓.▓
▓...@...▓
▓▓▓▓▓▓▓▓▓


You could see an emperor scorpion (summoned), a yaktaur captain, a cyclops, 3
yaktaurs and a +8 quarterstaff of the Thirsty Seers {spect, Str+5} (summoned).

Vanquished Creatures
  5 draconians (D)
  Sigmund (D)
  A flying skull (D)
  2 insubstantial wisps (D)
  A boggart (shapeshifter) (D)
  2 bullfrogs (D)
  Blork the orc (D)
  Crazy Yiuf (D)
  An iguana (D)
  Jessica (D)
  2 mummies (D)
18 creatures vanquished.

Notes
Turn   | Place    | Note
-------+----------+-------------------------------------------
     0 | D        | sahdkjhfkaj the Draconian Fire Elementalist began the quest
                  | for the Orb.
     0 | D        | Reached XP level 1. HP: 14/14 MP: 3/3
     0 | D        | Found a shimmering blue altar of Sif Muna.
     0 | D        | Found a sacrificial altar of Ru.
     0 | D        | Found a bloodstained altar of Trog.
     0 | D        | Found a stormy altar of Qazlal.
     0 | D        | Found an iron altar of Okawaru.
     0 | D        | Found a sparkling altar of Nemelex Xobeh.
     0 | D        | Found a blossoming altar of Fedhas.
     1 | D        | Found the +6 Majin-Bo {vamp, MP+6 Int+6}
     1 | D        | Found the +9 heavy crossbow "Sniper" {vorpal, Acc+∞ SInv}
     1 | D        | Found the +10 dark maul {vorpal}
     1 | D        | Found the +15 Maxwell's patent armour {-Cast -Tele rElec
                  | Will+ rCorr}
     1 | D        | Found the +18 shield of the Gong {rElec rN+ Will+ EV-5}
     1 | D        | Found the cursed +14 obsidian axe {vorpal, +Fly SInv
                  | *Curse}
     1 | D        | Found the +7 great mace "Firestarter" {inner flame, rF++}
     1 | D        | Found the +6 shillelagh "Devastator" {shatter}
     1 | D        | Found the +11 plutonium sword {*Contam Stlth-}
     1 | D        | Found the +8 lance "Wyrmbane" {slay drac, rPois rF+ rC+
                  | AC+3}
     1 | D        | Found the +9 sword of Zonguldrok {reap}
     1 | D        | Found the cursed +13 scythe of Curses {drain, *Curse}
     1 | D        | Found the +0 sword of Power
     1 | D        | Found the +7 mace of Variability {chain chaos}
     1 | D        | Found the +7 Singing Sword {vorpal, sonic wave}
     1 | D        | Found the +8 storm bow {elec, penet}
     2 | D        | Found a transporter.
     2 | D        | Found an ancient bone altar of Kikubaaqudgha.
     2 | D        | Found a viscous altar of Jiyva.
     2 | D        | Found a corrupted altar of Lugonu.
     2 | D        | Found a hazy altar of Hepliaklqana.
     2 | D        | Found a burning altar of Makhleb.
     2 | D        | Found an opulent altar of Gozag.
    68 | D        | Became a worshipper of Makhleb the Destroyer
    80 | D        | Entered arena 2.
    80 | D        | Noticed an insubstantial wisp
    80 | D        | Noticed an insubstantial wisp
    80 | D        | Found a transporter.
    83 | D        | Killed an insubstantial wisp
    84 | D        | Reached XP level 2. HP: 20/20 MP: 4/7
    84 | D        | Reached XP level 3. HP: 26/26 MP: 4/8
    84 | D        | Reached XP level 4. HP: 33/33 MP: 5/10
    84 | D        | Killed an insubstantial wisp
    85 | D        | Reached skill level 5 in Spellcasting
    85 | D        | Reached XP level 5. HP: 38/38 MP: 5/12
    88 | D        | Entered arena 3.
    88 | D        | Found a transporter.
    92 | D        | Reached * piety under Makhleb
    93 | D        | Reached XP level 6. HP: 45/45 MP: 5/14
   105 | D        | Learned a level 5 spell: Fireball
   105 | D        | Entered arena 4.
   105 | D        | Noticed a hog
   105 | D        | Noticed a soldier ant
   105 | D        | Noticed a red ugly thing
   105 | D        | Found a transporter.
   109 | D        | Reached ** piety under Makhleb
   111 | D        | Noticed a rime drake
   111 | D        | a hog changed into a rime drake
   113 | D        | Entered arena 5.
   113 | D        | Noticed Sigmund
   113 | D        | Noticed Jessica
   113 | D        | Noticed Blork the orc
   113 | D        | Noticed Crazy Yiuf
   113 | D        | Found a transporter.
   115 | D        | Reached skill level 10 in Conjurations
   115 | D        | Reached skill level 10 in Fire Magic
   115 | D        | Your scales start taking on a rich purple colour.
   115 | D        | Reached XP level 7. HP: 44/50 MP: 9/19
   116 | D        | Killed Jessica
   120 | D        | Killed Crazy Yiuf
   123 | D        | Killed Sigmund
   123 | D        | Killed Blork the orc
   123 | D        | Reached *** piety under Makhleb
   124 | D        | Reached XP level 8. HP: 57/57 MP: 5/20
   213 | D        | Entered arena 6.
   213 | D        | Noticed a draconian
   213 | D        | Noticed a draconian
   213 | D        | Noticed a draconian
   213 | D        | Noticed a draconian
   213 | D        | Noticed a draconian
   213 | D        | Found a transporter.
   215 | D        | Killed a draconian
   217 | D        | Killed a draconian
   226 | D        | Killed a draconian
   226 | D        | Killed a draconian
   226 | D        | Reached **** piety under Makhleb
   227 | D        | Reached skill level 10 in Spellcasting
   227 | D        | Reached XP level 9. HP: 45/62 MP: 16/23
   229 | D        | Killed a draconian
   417 | D        | Got the Grimoire of Moulding
   432 | D        | Learned a level 7 spell: Dragon Form
   432 | D        | Entered arena 7.
   432 | D        | Noticed a royal mummy
   440 | D        | Found a transporter.
   441 | D        | Noticed an emperor scorpion
   441 | D        | Noticed an emperor scorpion
   441 | D        | Noticed an emperor scorpion
   441 | D        | Noticed an emperor scorpion
   444 | D        | Entered arena 8.
   444 | D        | Noticed a yaktaur
   444 | D        | Noticed a cyclops
   444 | D        | Noticed a centaur warrior
   444 | D        | Noticed a yaktaur
   444 | D        | Noticed a yaktaur captain
   444 | D        | Noticed a yaktaur
   444 | D        | Shot with a bolt by a yaktaur captain

Illustrated notes

Levels and vault maps discovered:
D:        sprint_v [room_start, room_1, room_2, room_3, room_4, room_5, room_6,
          room_7, room_8, room_9, room_10, room_11, room_12, room_13, room_14,
          room_15, room_16, room_17, room_18, room_19, room_20, room_21,
          room_22, room_23, room_24, room_25, room_26, room_27]

Skill      XL: |  1  2  3  4  5  6  7  8  9 |
---------------+----------------------------+-----
Conjurations   | 6 7 8 10 11 13 | 13.7
Spellcasting   | 4 5 8 10 11 | 11.0
Fire Magic     | 6 7 8 10 11 13 | 13.7
Transmutations | 3 |  3.1
Dodging        | |  1.7
Stealth        | |  1.7

Action                   |  1- 3 |  4- 6 |  7- 9 || total
-------------------------+-------+-------+-------++-------
Melee: Double sword      |     1 |     6 |     5 ||    12
       Tailslap          |       |     2 |       ||     2
 Cast: Fireball          |       |       |    13 ||    13
  Use: Potion            |     4 |     2 |     1 ||     7
       Scroll            |       |     1 |     3 ||     4
 Stab: Sleeping          |     1 |     2 |       ||     3
       Invisible         |       |       |     3 ||     3
Armor: Skin              |       |     1 |     3 ||     4
Dodge: Dodged            |       |     4 |     8 ||    12
       Rpst.: Double sword |       |     1 |     2 ||     3

Table legend: (Time is in decaauts)
 A = Elapsed time spent in this place.
 B = Non-inter-level travel time spent in this place.
 C = Inter-level travel time spent in this place.
 D = Time resting spent in this place.
 E = Time spent auto-exploring this place.
 F = Levels seen in this place.
 G = Mean time per level.
                   A        B        C        D        E       F      G
               +--------+--------+--------+--------+--------+-----+--------+
         Total |    430 |    430 |      0 |    264 |     21 |   1 |  430.0 |
       Dungeon |    430 |    430 |      0 |    264 |     21 |   1 |  430.0 |
               +--------+--------+--------+--------+--------+-----+--------+

Top non-repeatable levels by time:
       D: 430 daAuts
